 Dungeon Crawl Stone Soup version 0.23-a0-419-g0174fd8 (webtiles) character file.

3314 jerryfan the Thaumaturge (level 10, -8/75 HPs)
             Began as a Gnoll Wanderer on Nov 12, 2018.
             Mangled by a hornet (13 damage)
             ... on level 7 of the Dungeon.
             The game lasted 00:31:45 (8919 turns).

jerryfan the Thaumaturge (Gnoll Wanderer)           Turns: 8919, Time: 00:31:47

Health: -8/75      AC: 12    Str: 20    XL:     10   Next: 1%
Magic:  23/23      EV: 14    Int: 14    God:
Gold:   300        SH:  0    Dex: 13    Spells: 19/27 levels left

rFire    . . .     SeeInvis .   d - +3 spear
rCold    + . .     Gourm    +   (no shield)
rNeg     . . .     Faith    .   c - +0 ring mail
rPois    .         Spirit   .   w - +2 helmet
rElec    .         Reflect  .   E - +0 cloak
rCorr    .         Harm     .   (no gloves)
MR       .....                  D - +0 pair of boots
Stlth    ++........             y - amulet of the gourmand
HPRegen  0.22/turn              h - ring of protection from cold
MPRegen  0.18/turn              (no ring)

@: confusing touch, about to teleport, slowed, very slow
A: distributed training, fangs 1, strong nose
a: no special abilities


You were on level 7 of the Dungeon.
You were completely stuffed.

You visited 1 branch of the dungeon, and saw 7 of its levels.
You also visited: Sewer and Ossuary.

You collected 300 gold pieces.

Inventory:

Hand Weapons
 a - a +3 shortbow
 d - a +3 spear (weapon)
 n - a +0 dagger of venom
 o - a +1 dagger of protection
Missiles
 b - 21 arrows
Armour
 c - a +0 ring mail (worn)
 j - a +0 robe
 w - a +2 helmet (worn)
 D - a +0 pair of boots (worn)
 E - a +0 cloak (worn)
Jewellery
 h - a ring of protection from cold (left hand)
 y - an amulet of the gourmand (around neck)
Wands
 C - a wand of digging (9)
Scrolls
 e - 3 scrolls of teleportation
 g - 9 scrolls of remove curse
 i - 6 scrolls of immolation
 k - a scroll of magic mapping
 s - a scroll of enchant weapon
 x - a scroll of identify
 A - 2 scrolls of noise
Potions
 l - 2 potions of resistance
 m - a potion of brilliance
 p - 2 potions of degeneration {unknown}
 q - a potion of flight
 r - 2 potions of might
 t - a potion of agility
 u - 2 potions of heal wounds
 v - 4 potions of curing
 B - a potion of ambrosia {unknown}
Comestibles
 f - 15 rations


   Skills:
 + Level 5.6 Fighting
 + Level 5.6 Short Blades
 + Level 5.6 Long Blades
 + Level 5.6 Axes
 + Level 5.6 Maces & Flails
 + Level 5.6 Polearms
 + Level 5.6 Staves
 + Level 5.6 Slings
 + Level 6.2 Bows
 + Level 5.6 Crossbows
 + Level 5.6 Throwing
 + Level 7.3 Armour
 + Level 5.6 Dodging
 + Level 5.6 Stealth
 + Level 6.2 Shields
 + Level 5.6 Unarmed Combat
 + Level 9.1 Spellcasting
 + Level 4.6 Conjurations
 + Level 4.6 Hexes
 + Level 4.6 Charms
 + Level 6.0 Summonings
 + Level 4.6 Necromancy
 + Level 4.6 Translocations
 + Level 4.6 Transmutations
 + Level 4.6 Fire Magic
 + Level 4.6 Ice Magic
 + Level 4.6 Air Magic
 + Level 4.6 Earth Magic
 + Level 4.6 Poison Magic
 + Level 6.1 Invocations
 + Level 6.2 Evocations


You had 19 spell levels left.
You knew the following spells:

 Your Spells              Type           Power        Failure   Level  Hunger
a - Apportation           Tloc           ###...       2%          1    None
b - Confusing Touch       Hex            ###...       2%          1    None
c - Mephitic Cloud        Conj/Pois/Air  ###.....     8%          3    ##.....
d - Conjure Flame         Conj/Fire      ###.....     8%          3    ##.....

Your spell library contained the following spells:

 Spells                   Type           Power        Failure   Level  Hunger
 Magic Dart               Conj           ###.         2%          1    None
 Call Imp                 Summ           ###.....     2%          2    None
 Blink                    Tloc           N/A          4%          2    None
 Slow                     Hex            ###.....     4%          2    None
 Recall                   Summ/Tloc      N/A          6%          3    ##.....
 Confuse                  Hex            ###.....     8%          3    ##.....
 Gell's Gravitas          Tloc           ###.......   8%          3    ##.....
 Petrify                  Tmut/Erth      ###.....     26%         4    ####...
 Metabolic Englaciation   Hex/Ice        ###.......   58%         5    #####..
 Yara's Violent Unravell  Hex/Tmut       ###.......   58%         5    #####..


Dungeon Overview and Level Annotations

Branches:
Dungeon (7/15)             Temple (0/1) D:5

Altars:
Kikubaaqudgha
Okawaru
The Shining One

Annotations:
D:3 exclusion: downstairs
D:4 exclusion: worker ant, Dowan, Duvessa
D:6 exclusion: downstairs


Innate Abilities, Weirdness & Mutations

Your experience applies equally to all skills.
You have very sharp teeth.
Your uncanny sense of smell can sniff out nearby items.


Message History

Okay, then.
Evoke which item? (* to show all) (? for menu, Esc to quit)
Okay, then.
As you read the scroll of teleportation, it crumbles to dust.
You feel strangely unstable. The hornet stings you!
* * * LOW HITPOINT WARNING * * *
You are poisoned.
You feel as though you will be slow longer.
The howler monkey hoots and howls with incredible vigour!
The hornet stings you.
* * * LOW HITPOINT WARNING * * *
You feel as though you will be slow longer.
You hear a shout!
You feel better.
The hornet stings you but does no damage.
The hornet stings you!
* * * LOW HITPOINT WARNING * * *
You feel as though you will be slow longer.
The hornet stings you!
You die...

###########
...........
###.###### ## # #.#
... # #.# ∆ ...#
###.### .....
......#
#############.....#
##..#.#
#.......@yh.'..%...
∆ ##..#.#
#.###########.....#
....#.# #.# ##..#
##..#.###.# #######
##..#.....# #.....
##..#.###.# #.####
##........# #.
.....<....# .y
###.......# ##.


You could see a hornet and a howler monkey.

Vanquished Creatures
  A two-headed ogre (D:7)
  Grinder (D:6)
  A wyvern (D:6)
  2 sky beasts (D:6)
  2 phantoms (D:7)
  An ogre (D:6)
  A centaur (D:5)
  Blork the orc (D:6)
  2 bullfrogs (D:7)
  A scorpion (D:4)
  5 crimson imps
  2 quasits (D:7)
  2 hounds
  A centaur skeleton (D:6)
  2 bullfrog skeletons
  2 orc wizards
  10 worker ants
  8 big kobold zombies (Ossuary)
  2 mummies
  A worker ant zombie (D:5)
  4 gnolls (D:5)
  10 adders
  2 shadow imps
  An ooze (D:5)
  An adder skeleton (D:6)
  3 worms (D:2)
  A dart slug (D:1)
  10 leopard geckos
  23 orcs
  A spectral bat (Ossuary)
  A bat zombie (D:5)
  7 giant cockroaches
  4 gnoll zombies (Ossuary)
  5 goblins
  3 hobgoblins
  11 jackals
  7 kobolds
  4 quokkas
  3 ball pythons
  14 bats
  2 bat simulacra (Ossuary)
  14 frilled lizards
  3 goblin simulacra (Ossuary)
  9 goblin zombies (Ossuary)
  3 hobgoblin zombies (Ossuary)
  A jackal skeleton (D:3)
  2 kobold simulacra (Ossuary)
  3 kobold zombies (Ossuary)
  A leopard gecko zombie (D:5)
  3 orc zombies (Ossuary)
  A quokka zombie (D:5)
  8 rats
  5 rat simulacra (Ossuary)
  A rat zombie (D:5)
  4 spectral kobolds (Ossuary)
  5 spectral rats (Ossuary)
228 creatures vanquished.

Notes
Turn   | Place    | Note
-------+----------+-------------------------------------------
     0 | D:1      | jerryfan the Gnoll Wanderer began the quest for the Orb.
     0 | D:1      | jerryfan set off with the following items: a +2 shortbow,
                  | 21 arrows, a +0 ring mail, a ration; and the following
                  | spell memorised: Apportation; and the following spells
                  | available to memorise: Recall
     0 | D:1      | Reached XP level 1. HP: 13/13 MP: 8/8
    68 | D:1      | Reached XP level 2. HP: 19/19 MP: 10/10
   402 | D:1      | Reached XP level 3. HP: 25/25 MP: 11/11
   979 | D:2      | Reached skill level 1 in Invocations
  1154 | D:2      | Reached skill level 1 in Fighting
  1154 | D:2      | Reached skill level 1 in Short Blades
  1154 | D:2      | Reached skill level 1 in Long Blades
  1154 | D:2      | Reached skill level 1 in Axes
  1154 | D:2      | Reached skill level 1 in Maces & Flails
  1154 | D:2      | Reached skill level 1 in Polearms
  1154 | D:2      | Reached skill level 1 in Staves
  1154 | D:2      | Reached skill level 1 in Slings
  1154 | D:2      | Reached skill level 1 in Crossbows
  1154 | D:2      | Reached skill level 1 in Throwing
  1154 | D:2      | Reached skill level 1 in Dodging
  1154 | D:2      | Reached skill level 1 in Stealth
  1154 | D:2      | Reached skill level 1 in Unarmed Combat
  1196 | D:2      | Reached XP level 4. HP: 16/32 MP: 13/13
  1742 | D:2      | Found a glowing golden altar of the Shining One.
  1887 | D:3      | Reached skill level 1 in Conjurations
  1887 | D:3      | Reached skill level 1 in Hexes
  1887 | D:3      | Reached skill level 1 in Charms
  1887 | D:3      | Reached skill level 1 in Necromancy
  1887 | D:3      | Reached skill level 1 in Translocations
  1887 | D:3      | Reached skill level 1 in Transmutations
  1887 | D:3      | Reached skill level 1 in Fire Magic
  1887 | D:3      | Reached skill level 1 in Ice Magic
  1887 | D:3      | Reached skill level 1 in Air Magic
  1887 | D:3      | Reached skill level 1 in Earth Magic
  1887 | D:3      | Reached skill level 1 in Poison Magic
  2003 | D:3      | Found an iron altar of Okawaru.
  2063 | D:3      | Reached XP level 5. HP: 15/37 MP: 14/14
  3074 | D:4      | Noticed Dowan
  3145 | D:4      | Noticed Duvessa
  3391 | D:4      | Reached XP level 6. HP: 42/44 MP: 16/16
  3583 | D:5      | Entered Level 5 of the Dungeon
  3645 | D:5      | Reached skill level 5 in Armour
  4042 | D:5      | Reached skill level 5 in Bows
  4042 | D:5      | Reached skill level 5 in Shields
  4042 | D:5      | Reached skill level 8 in Spellcasting
  4042 | D:5      | Reached skill level 5 in Summonings
  4042 | D:5      | Reached skill level 5 in Invocations
  4042 | D:5      | Reached skill level 5 in Evocations
  4042 | D:5      | Reached XP level 7. HP: 33/55 MP: 17/19
  4321 | D:5      | Reached XP level 8. HP: 51/61 MP: 20/20
  4919 | D:5      | Found a staircase to the Ecumenical Temple.
  5008 | D:5      | Found an ancient bone altar of Kikubaaqudgha.
  5092 | D:6      | Reached skill level 5 in Fighting
  5092 | D:6      | Reached skill level 5 in Short Blades
  5092 | D:6      | Reached skill level 5 in Long Blades
  5092 | D:6      | Reached skill level 5 in Axes
  5092 | D:6      | Reached skill level 5 in Maces & Flails
  5092 | D:6      | Reached skill level 5 in Polearms
  5092 | D:6      | Reached skill level 5 in Staves
  5092 | D:6      | Reached skill level 5 in Slings
  5092 | D:6      | Reached skill level 5 in Crossbows
  5092 | D:6      | Reached skill level 5 in Throwing
  5092 | D:6      | Reached skill level 5 in Dodging
  5092 | D:6      | Reached skill level 5 in Stealth
  5092 | D:6      | Reached skill level 5 in Unarmed Combat
  5094 | D:6      | Found a glowing drain.
  5105 | Sewer    | Entered a sewer
  5416 | D:6      | Noticed Grinder
  5637 | D:6      | Found a sand-covered staircase.
  5651 | Ossuary  | Entered an ossuary
  6617 | Ossuary  | Reached XP level 9. HP: 61/68 MP: 21/21
  6877 | D:6      | Paralysed by Grinder for 4 turns
  6931 | D:6      | Killed Grinder
  7201 | D:6      | Noticed Blork the orc
  7271 | D:6      | Learned a level 1 spell: Confusing Touch
  7275 | D:6      | Learned a level 3 spell: Mephitic Cloud
  7500 | D:6      | Reached skill level 9 in Spellcasting
  7564 | D:6      | Killed Blork the orc
  8076 | D:7      | Noticed a two-headed ogre
  8194 | D:7      | Learned a level 3 spell: Conjure Flame
  8306 | D:7      | Noticed a hornet
  8633 | D:7      | Killed a two-headed ogre
  8633 | D:7      | Reached XP level 10. HP: 52/75 MP: 23/23
  8919 | D:7      | Mangled by a hornet

Vault maps used:
D:1:      psy_arrival_statuary, kennysheep_pointless_box
D:2:      minmay_diamond_boxcup, nicolae_tso_swordbearing_angel, first_ration
D:3:      okawaru_trees_2
D:4:      uniq_duvessa
D:5:      lemuel_zombie_altar_kikubaaqudgha, minmay_temple_entry_poolview
D:6:      gup_ossuary_entry_pyramid, portal_sewer_entry_d, uniq_blork_the_orc,
          uniq_grinder
D:7:      chequers_hall_statues_y
Sewer:    sewer_frog_island_01
Ossuary:  ossuary_zaba_two_paths

Skill      XL: |  1  2  3  4  5  6  7  8  9 |
---------------+----------------------------+-----
Invocations    | 1 2 5 6 |  6.1
Fighting       | 1 4 5 |  5.6
Short Blades   | 1 4 5 |  5.6
Long Blades    | 1 4 5 |  5.6
Axes           | 1 4 5 |  5.6
Maces & Flails | 1 4 5 |  5.6
Polearms       | 1 4 5 |  5.6
Staves         | 1 4 5 |  5.6
Slings         | 1 4 5 |  5.6
Crossbows      | 1 4 5 |  5.6
Throwing       | 1 4 5 |  5.6
Dodging        | 1 4 5 |  5.6
Stealth        | 1 4 5 |  5.6
Unarmed Combat | 1 4 5 |  5.6
Conjurations   | 1 4 |  4.6
Hexes          | 1 4 |  4.6
Charms         | 1 4 |  4.6
Necromancy     | 1 4 |  4.6
Translocations | 1 4 |  4.6
Transmutations | 1 4 |  4.6
Fire Magic     | 1 4 |  4.6
Ice Magic      | 1 4 |  4.6
Air Magic      | 1 4 |  4.6
Earth Magic    | 1 4 |  4.6
Poison Magic   | 1 4 |  4.6
Bows           | 3 5 6 |  6.2
Shields        | 3 5 6 |  6.2
Summonings     | 4 5 6 |  6.0
Evocations     | 3 5 6 |  6.2
Armour         | 6 7 |  7.3
Spellcasting   | 8 9 |  9.1

Action                   |  1- 3 |  4- 6 |  7- 9 | 10-12 || total
-------------------------+-------+-------+-------+-------++-------
Melee: Dagger            |       |     5 |     3 |       ||     8
       Bite              |       |     1 |    47 |       ||    48
       Spear             |       |       |   378 |     8 ||   386
       Punch             |       |       |    14 |       ||    14
       Shortbow          |       |       |     2 |       ||     2
 Fire: Shortbow          |   109 |   168 |   214 |       ||   491
 Cast: Apportation       |     3 |     1 |       |       ||     4
       Confusing Touch   |       |       |       |     1 ||     1
  Use: Scroll            |     2 |     7 |    11 |     1 ||    21
       Potion            |       |     4 |     5 |     3 ||    12
 Stab: Sleeping          |       |       |    11 |       ||    11
       Distracted        |       |       |     1 |       ||     1
  Eat: Chunk             |       |     9 |    21 |     1 ||    31
       Ration            |       |       |     1 |       ||     1
Armor: Ring mail         |    24 |    31 |   134 |     3 ||   192
       Skin              |       |       |     5 |       ||     5
Dodge: Dodged            |    27 |    45 |   215 |     6 ||   293

Table legend:
 A = Non-vault XP
 B = Vault XP
 C = Vault XP percentage of total XP
 D = Non-vault monster count
 E = Vault monster count
 F = Vault count percentage of total count
                 A         B        C        D         E       F
            +---------+---------+-------+---------+---------+-------
      Total |    3466 |     708 |  17.0 |     146 |      82 |  36.0
            +---------+---------+-------+---------+---------+-------
        D:1 |      39 |       0 |   0.0 |      24 |       0 |   0.0
        D:2 |      51 |      24 |  32.0 |      17 |       7 |  29.2
        D:3 |     103 |       0 |   0.0 |      28 |       0 |   0.0
        D:4 |     232 |       0 |   0.0 |       9 |       0 |   0.0
        D:5 |     611 |       3 |   0.5 |      27 |       2 |   6.9
        D:6 |     971 |     373 |  27.8 |      28 |       4 |  12.5
        D:7 |    1459 |       0 |   0.0 |      13 |       0 |   0.0
      Sewer |       0 |      37 | 100.0 |       0 |      16 | 100.0
    Ossuary |       0 |     271 | 100.0 |       0 |      53 | 100.0
            +---------+---------+-------+---------+---------+-------
